 Dungeon Crawl Stone Soup version 0.31-a0-1206-g41278d8d1d (webtiles) character file.

Game seed: 267738202204479715

11468 whatisthis the Fighter (level 11, -3/91 HPs)
             Began as a Ghoul Venom Mage on Dec 14, 2023.
             Was a Believer of Hepliaklqana.
             Slain by a death yak (24 damage)
             ... on level 10 of the Dungeon.
             The game lasted 00:38:25 (12757 turns).

whatisthis the Fighter (Ghoul Venom Mage)          Turns: 12757, Time: 00:38:25

Health: -3/91      AC:  9    Str: 13    XL:     11   Next: 78%
Magic:  12/27      EV:  9    Int: 18    God:    Hepliaklqana [**....]
Gold:   541        SH: 11    Dex:  9    Spells: 11/21 levels left

rFire   + + .        o - +4 flail (drain)
rCold   + + +        E - +2 shield of Resistance {rF++ rC++ Will++}
rNeg    + + +        m - +1 leather armour {rC+}
rPois   ∞            O - +0 helmet
rElec   .            (no cloak)
rCorr   .            H - +2 pair of gloves
SInv    .            j - +0 pair of boots
Will    ++...        (no amulet)
Stlth   +            K - +4 ring of slaying
HPRegen 0.00/turn    v - ring of magical power
MPRegen 0.20/turn

%: no passive effects
@: very slightly contaminated, inhibited regen
A: reduced essence, claws 1, cold resistance 1, negative energy resistance 3,
inhibited regeneration, torment resistance 2, devour on kill
a: Renounce Religion, Recall Ancestor, Ancestor Identity


You were on level 10 of the Dungeon.
You worshipped Hepliaklqana.
Hepliaklqana was pleased with you.
You visited 2 branches of the dungeon, and saw 11 of its levels.

You collected 541 gold pieces.

Inventory:

Hand Weapons
 o - a +4 flail of draining (weapon)
 p - a +0 morningstar
Missiles
 c - 80 stones
 k - 68 poisoned darts
 w - 4 curare-tipped darts
 A - 9 boomerangs
Armour
 j - a +0 pair of boots (worn)
 m - a +1 leather armour of cold resistance (worn)
 E - the +2 shield of Resistance (worn) {rF++ rC++ Will++}
   (You found it on level 6 of the Dungeon)

   rF++:      It greatly protects you from fire.
   rC++:      It greatly protects you from cold.
   Will++:    It greatly increases your willpower.
 H - a +2 pair of gloves (worn)
 O - a +0 helmet (worn)
Magical Staves
 F - a staff of death
Jewellery
 l - a ring of protection from fire
 r - a ring of resist corrosion
 s - a ring of see invisible
 v - a ring of magical power (right hand)
 K - a +4 ring of slaying (left hand)
 M - a ring of flight
Wands
 n - a wand of flame (35)
 x - a wand of digging (4)
 G - a wand of light (13)
 N - a wand of paralysis (5)
Scrolls
 g - 2 scrolls of noise
 h - 2 scrolls of poison
 q - a scroll of fear
 t - 3 scrolls of immolation
 u - 2 scrolls of blinking
 y - 5 scrolls of teleportation
 C - 2 scrolls of fog
 D - a scroll of vulnerability {unknown}
 J - a scroll of acquirement {unknown}
 L - a scroll of butterflies {unknown}
Potions
 a - 2 potions of might
 b - a potion of curing
 d - a potion of resistance
 e - a potion of haste {unknown}
 f - a potion of attraction {unknown}
 i - 3 potions of magic
 z - 2 potions of mutation
 B - 2 potions of heal wounds
 I - a potion of brilliance {unknown}


   Skills:
 + Level 11.0 Fighting
 + Level 6.9 Maces & Flails
 - Level 1.7 Dodging
 - Level 2.1 Stealth
 + Level 6.8 Shields
 - Level 5.6 Spellcasting
 - Level 1.7 Transmutations
 - Level 5.0 Air Magic
 - Level 7.1 Poison Magic


You had 11 spell levels left.
You knew the following spells:

 Your Spells              Type           Power      Damage    Failure   Level
a - Sting                 Tmut/Pois      84%        1d7       8%          1
b - Poisonous Vapours     Pois/Air       52%        N/A       6%          2
c - Mephitic Cloud        Conj/Pois/Air  19%        N/A       26%         3
d - Olgreb's Toxic Radia  Pois           30%        N/A       26%         4

Your spell library contained the following spells:

 Spells                   Type           Power      Damage    Failure   Level
 Cigotuvi's Dreadful Rot  Necr/Pois/Air  38%        N/A       14%         2
 Ensorcelled Hibernation  Hex/Ice        10%        N/A       58%         2
 Jinxbite                 Hex            10%        N/A       58%         2
 Tukima's Dance           Hex            5%         N/A       82%         3
 Volatile Blastmotes      Fire/Tloc      10%        2d10      82%         3
 Anguish                  Hex/Necr       2%         N/A       99%         4
 Cause Fear               Hex            2%         N/A       99%         4
 Dispel Undead            Necr           5%         3d7       99%         4
 Fulminant Prism          Conj/Hex       2%         3d5       99%         4
 Iskenderun's Mystic Bla  Conj/Tloc      5%         2d3       99%         4
 Passage of Golubria      Tloc           5%         N/A       99%         4
 Fireball                 Conj/Fire      2%         3d4       100%        5
 Yara's Violent Unravell  Hex/Tmut       4%         3d4       100%        5
 Death Channel            Necr           2%         N/A       100%        6
 Summon Hydra             Summ           2%         N/A       100%        7
 Dragon's Call            Summ           2%         N/A       100%        9
 Wereblood                Tmut           Unusable   N/A       N/A         2
 Sublimation of Blood     Necr           Unusable   N/A       N/A         2

Dungeon Overview and Level Annotations

Branches:
Dungeon (10/15)            Temple (1/1) D:7            Lair (0/5) D:10
    Orc: D:9-12

Altars:
Ashenzari
Cheibriados
Dithmenos
Fedhas
Gozag
Hepliaklqana
Kikubaaqudgha
Makhleb
Nemelex Xobeh
Okawaru
Qazlal
Ru
Sif Muna
Trog
Uskayaw
Vehumet
Wu Jian
Xom
Yredelemnul

Shops:
D:4 *

Annotations:
Temple 4 transporters


Innate Abilities, Weirdness & Mutations

Your life essence is reduced to manifest your ancestor. (-10% HP)
You are immune to poison.
You have sharp fingernails.
Your flesh is cold resistant. (rC+)
You are immune to negative energy. (rN+++)
You do not regenerate when monsters are visible.
You are immune to unholy pain and torment.
You thrive by killing the living.


Message History

Casting: Olgreb's Toxic Radiance (dangerous; 26% risk of failure)
Confirm with . or Enter, or press ? or * to list all spells.
Aiming: Poisonous Vapours (safe; 6% risk of failure)
Press: ? - help, Dir - move target, f - death yak
Aim: a death yak (severely wounded, not watching you, very poisoned, ally target) Poisonous vapours surround the death yak!
The death yak looks as sick as possible!
Akhenaten gestures at the death yak while chanting.
The stone arrow hits the death yak!
The death yak closely misses Akhenaten.
Akhenaten hits the death yak with a +0 quarterstaff!
The death yak dies!
Your Fighting skill increases to level 11!
Unknown command.
Your magical contamination has completely faded away.
The death yak attacks as it pursues you!
The death yak gores you!
The death yak attacks as it pursues you!
You block the death yak's attack.
There is a staircase to the Lair here.
The death yak looks more healthy.
Casting: Poisonous Vapours (safe; 6% risk of failure)
Confirm with . or Enter, or press ? or * to list all spells.
You miscast Olgreb's Toxic Radiance.
You are very lightly contaminated with residual magic.
Nothing appears to happen.
Unknown command.
Casting: Olgreb's Toxic Radiance (dangerous; 26% risk of failure)
Confirm with . or Enter, or press ? or * to list all spells.
You begin to radiate toxic energy.
The death yak looks even sicker.
The death yak is poisoned. x2; The death yak gores you!!
A death yak comes into view.
The death yak attacks as it pursues you!
The death yak gores you!
The death yak looks even sicker. x3
Your toxic aura wanes.
The death yak gores you!!
* * * LOW HITPOINT WARNING * * *
The death yak attacks as it pursues you!
The death yak gores you!!
You die...

#################################
...............).................
.#..#...#..##...##..###..#......#
.................................
.............###@#####.......####
...........#.#..Y....#.......#..#
...........#.#..[.Y..#.......#..#
.............#.###.........#.#..#
.............###...R.........#..#
.###############..Y.....######..#
.# #.....##...##...........#.....
.# #.....##...##...Y#......#.....
.# ##.#####...#..#......##+#'##.#


You could see the friendly Akhenaten the battlemage and 4 death yaks.

Vanquished Creatures
  Erica (D:8)
  A two-headed ogre (D:10)
  Pikel (D:4)
  4 kobold demonologists (D:9)
  Grinder (D:3)
  Sigmund (D:5)
  A shadow (D:9)
  A wraith (D:9)
  A vampire (D:10)
  9 yaks
  2 humans (D:10)
  2 steam dragons
  Menkaure (D:6)
  2 water moccasins (D:4)
  5 ice beasts
  4 black bears
  5 ogres
  3 centaurs
  3 kobold brigands
  4 bullfrogs
  13 scorpions
  7 killer bees
  7 orc priests
  3 hounds
  A jelly (D:4)
  4 sleepcaps
  4 gnoll boudas
  4 iguanas
  An iron imp (D:6)
  Jessica (D:2)
  8 orc wizards
  Terence (D:3)
  3 adders
  31 gnolls
  A shadow imp (D:7)
  A white imp (D:5)
  2 ufetubi (D:6)
  27 orcs
  4 endoplasms
  6 giant cockroaches
  5 goblins
  7 hobgoblins
  4 quokkas
  7 ball pythons
  5 bats
  21 kobolds
  6 rats
  A butterfly (D:6)
237 creatures vanquished.

Vanquished Creatures (collateral kills)
  A two-headed ogre (D:10)
  A death yak (D:10)
  A basilisk (D:9)
  A kobold brigand (D:9)
  A killer bee (D:9)
  A kobold (D:10)
6 creatures vanquished.

Vanquished Creatures (others)
  4 ancestors
4 creatures vanquished.

Grand Total: 247 creatures vanquished

Notes
Turn   | Place    | Note
-------+----------+-------------------------------------------
     0 | D:1      | whatisthis the Ghoul Venom Mage began the quest for the
                  | Orb.
     0 | D:1      | Reached XP level 1. HP: 14/14 MP: 2/2
   159 | D:1      | Reached skill level 1 in Transmutations
   364 | D:1      | Reached XP level 2. HP: 7/22 MP: 1/3
  1061 | D:1      | Reached skill level 1 in Fighting
  1294 | D:2      | Learned a level 2 spell: Poisonous Vapours
  1334 | D:2      | Reached XP level 3. HP: 23/28 MP: 3/5
  1398 | D:2      | Noticed Jessica
  1409 | D:2      | Killed Jessica
  1784 | D:2      | Reached XP level 4. HP: 35/35 MP: 4/6
  1871 | D:2      | Found a faded altar of an unknown god.
  2324 | D:3      | Reached skill level 2 in Fighting
  2689 | D:3      | Found a hazy altar of Hepliaklqana.
  2692 | D:3      | Noticed Grinder
  2721 | D:3      | Noticed a scorpion
  2727 | D:3      | Killed a scorpion
  2728 | D:3      | Reached skill level 1 in Air Magic
  2728 | D:3      | Reached XP level 5. HP: 41/42 MP: 0/8
  2801 | D:3      | Found a radiant altar of Vehumet.
  2805 | D:3      | Noticed Terence
  2815 | D:3      | Killed Terence
  3053 | D:3      | Reached XP level 6. HP: 19/50 MP: 3/9
  3323 | D:3      | Reached skill level 3 in Fighting
  3693 | D:4      | Noticed Pikel
  3732 | D:4      | Killed Pikel
  3733 | D:4      | Reached skill level 4 in Fighting
  3733 | D:4      | Reached skill level 5 in Poison Magic
  3733 | D:4      | Reached XP level 7. HP: 46/59 MP: 0/11
  4121 | D:4      | Reached XP level 8. HP: 67/67 MP: 5/13
  4507 | D:4      | Learned a level 3 spell: Mephitic Cloud
  4512 | D:4      | Learned a level 4 spell: Olgreb's Toxic Radiance
  4634 | D:4      | Found a basalt altar of Yredelemnul.
  4840 | D:4      | Found Zuleuc Getu's Serpentskin Sales.
  4867 | D:4      | Reached skill level 5 in Fighting
  5043 | D:5      | Entered Level 5 of the Dungeon
  5240 | D:5      | HP: 3/68 [black bear (1)]
  5445 | D:5      | Noticed Sigmund
  5460 | D:5      | Killed Sigmund
  5728 | D:5      | Reached XP level 9. HP: 75/75 MP: 13/15
  5846 | D:5      | Reached skill level 6 in Fighting
  5846 | D:5      | Reached skill level 5 in Spellcasting
  6274 | D:5      | Found a broken altar of Ashenzari.
  6468 | D:5      | Found a shimmering blue altar of Sif Muna.
  6801 | D:6      | Noticed Menkaure
  6804 | D:6      | Killed Menkaure
  6899 | D:6      | Found a runed translucent door.
  6903 | D:6      | Found a runed translucent door.
  7141 | D:6      | Reached skill level 5 in Air Magic
  7281 | D:6      | Found the +2 shield of Resistance {rF++ rC++ Will++}
  7363 | D:6      | Reached skill level 7 in Fighting
  7367 | D:6      | Found a stormy altar of Qazlal.
  7394 | D:6      | Reached skill level 1 in Maces & Flails
  7394 | D:6      | Reached skill level 1 in Shields
  7455 | D:6      | Found a snail-covered altar of Cheibriados.
  7607 | D:6      | Reached XP level 10. HP: 88/88 MP: 17/17
  8077 | D:7      | Reached skill level 8 in Fighting
  8245 | D:7      | Found a bloodstained altar of Trog.
  8288 | D:7      | Found a staircase to the Ecumenical Temple.
  8673 | D:7      | Found an ornate altar of the Wu Jian Council.
  8991 | Temple   | Found a transporter.
  8991 | Temple   | Found a transporter.
  8991 | Temple   | Found a transporter.
  8991 | Temple   | Found a transporter.
  8991 | Temple   | Entered the Ecumenical Temple
  9116 | D:3      | Killed Grinder
  9167 | D:3      | Became a worshipper of Hepliaklqana the Forgotten
  9985 | D:8      | Reached skill level 9 in Fighting
 10043 | D:8      | Noticed Erica
 10062 | D:8      | Killed Erica
 10326 | D:9      | Noticed a kobold demonologist
 10349 | D:9      | Killed a kobold demonologist
 10432 | D:9      | Reached skill level 5 in Maces & Flails
 10432 | D:9      | Reached skill level 5 in Shields
 10495 | D:9      | Reached * piety under Hepliaklqana
 10495 | D:9      | Noticed a kobold demonologist
 10496 | D:9      | Noticed a kobold demonologist
 10496 | D:9      | Noticed a kobold demonologist
 10503 | D:9      | Noticed a soul eater
 10504 | D:9      | Killed a kobold demonologist
 10505 | D:9      | Reached XP level 11. HP: 87/87 MP: 17/18
 10688 | D:9      | Reached skill level 10 in Fighting
 11005 | D:9      | Found a sacrificial altar of Ru.
 11218 | D:10     | Entered Level 10 of the Dungeon
 11253 | D:10     | Noticed a two-headed ogre
 11273 | D:10     | Killed a two-headed ogre
 11413 | D:10     | Noticed a death yak
 11538 | D:10     | Found an iron altar of Okawaru.
 11878 | D:10     | Noticed a death yak
 11879 | D:10     | Noticed a death yak
 12176 | D:10     | Found a staircase to the Lair.
 12216 | D:10     | Reached ** piety under Hepliaklqana
 12217 | D:10     | Remembered your ancestor Akhenaten as a battlemage
 12367 | D:10     | Noticed a two-headed ogre
 12383 | D:10     | Killed a two-headed ogre
 12539 | D:10     | Noticed an angel
 12722 | D:10     | Noticed a death yak
 12724 | D:10     | Noticed a death yak
 12730 | D:10     | Killed a death yak
 12731 | D:10     | Reached skill level 11 in Fighting
 12754 | D:10     | Noticed a death yak
 12757 | D:10     | Slain by a death yak

Illustrated notes

Levels and vault maps discovered:
D:1:      elethiomel_arrival_quiet, layout_loops_cross, minmay_misc_feat_cross,
          roderic_lattice_a, kennysheep_flooded_box,
          hangedman_abyss_or_decor_lesser_grid, nicolae_figureground_pulse
D:2:      layout_rooms, chequers_ecumenical_altar_simple_redux, serial_glass,
          glass_columns_b, glass_columns_a, uniq_jessica
D:3:      layout_loops_ring, nicolae_vehumet_radiance,
          mainiacjoe_overflow_catwalk, nicolae_overflow_hidden_temple,
          uniq_grinder, uniq_terence
D:4:      layout_basic, mainiacjoe_overflow_chevrons, guppyfry_shop_venom,
          uniq_pikel
D:5:      layout_loops_ring, nicolae_sif_muna_little_library, ashenzari_altar_1,
          grunt_ministairs_6, uniq_sigmund
D:6:      lemuel_insect_pit, layout_basic, slow_altar_1,
          mainiacjoe_overflow_surrounded_room, uniq_menkaure
D:7:      layout_loops_ring, trog_book,
          mainiacjoe_overflow_concentric_impassable,
          minmay_temple_entry_sparse_star
D:8:      layout_basic, uniq_erica
D:9:      layout_long_grid, nicolae_ru_awakened_eye, serial_glass,
          glass_columns_c, glass_columns_b, minmay_strange_pillars,
          due_unseen_surprise, item_on_display_a
D:10:     layout_stronghold, zin_angel, okawaru_humans, dpeg_lair_monsters
Temple:   hellmonk_temple_divided_pantheon

Skill      XL: |  1  2  3  4  5  6  7  8  9 10 11 |
---------------+----------------------------------+-----
Transmutations | 1 |  1.7
Spellcasting   | 2 3 4 5 |  5.6
Fighting       | 1 2 4 5 7 9 11 | 11.0
Air Magic      | 1 2 3 4 5 |  5.0
Poison Magic   | 4 5 6 7 |  7.1
Maces & Flails | 2 5 6 |  6.9
Shields        | 2 5 6 |  6.8
Dodging        | |  1.7
Stealth        | |  2.1

Action                     |  1- 3 |  4- 6 |  7- 9 | 10-12 || total
---------------------------+-------+-------+-------+-------++-------
  Melee: Unarmed           |    49 |    27 |       |       ||    76
         Punch             |     1 |       |     1 |       ||     2
         Flail             |       |    17 |   105 |   208 ||   330
   Cast: Sting             |    34 |    34 |    39 |    13 ||   120
         Poisonous Vapours |     5 |    29 |    61 |    36 ||   131
         Olgreb's Toxic Ra |       |       |    13 |    28 ||    41
         Mephitic Cloud    |       |       |     7 |     1 ||     8
 Invoke: Ancestor Life: Ba |       |       |       |     1 ||     1
  Evoke: Wand              |       |       |     3 |     4 ||     7
    Use: Potion            |     1 |     1 |     2 |       ||     4
         Scroll            |       |       |     9 |     5 ||    14
   Stab: Sleeping          |       |       |     2 |     1 ||     3
         Distracted        |       |       |       |     1 ||     1
 Armour: Robe              |    31 |    43 |    59 |       ||   133
         Leather armour    |       |       |    65 |   148 ||   213
  Dodge: Dodged            |    29 |    48 |   119 |    60 ||   256
  Block: Kite shield       |       |       |    11 |   121 ||   132

Table legend: (Time is in decaauts)
 A = Elapsed time spent in this place.
 B = Non-inter-level travel time spent in this place.
 C = Inter-level travel time spent in this place.
 D = Time resting spent in this place.
 E = Time spent auto-exploring this place.
 F = Levels seen in this place.
 G = Mean time per level.
                   A        B        C        D        E       F      G
               +--------+--------+--------+--------+--------+-----+--------+
         Total |  12901 |  12421 |    480 |   2813 |   6828 |  11 | 1172.8 |
       Dungeon |  12881 |  12411 |    470 |   2813 |   6828 |  10 | 1288.1 |
        Temple |     19 |      9 |     10 |      0 |      0 |   1 |   19.0 |
               +--------+--------+--------+--------+--------+-----+--------+

Top non-repeatable levels by time:
     D:5: 1707 daAuts
     D:4: 1630 daAuts
    D:10: 1549 daAuts
     D:3: 1528 daAuts
     D:1: 1420 daAuts
     D:6: 1371 daAuts
     D:7: 1082 daAuts
     D:9: 932 daAuts
     D:8: 844 daAuts
     D:2: 814 daAuts
  Temple: 19 daAuts
